[Event "International chess holiday M21"]
[Site "?"]
[Date "2017.07.26"]
[Round "6"]
[White "Hartwig, Maik"]
[Black "Dock, Lars"]
[Result "1/2-1/2"]
[ECO "A07"]
[WhiteElo "2097"]
[BlackElo "2027"]
[Annotator "Koller,Martin"]
[PlyCount "52"]
[TimeControl "240+2"]

{279MB} 1. g3 d5 2. Bg2 e5 3. d3 Nf6 4. Nf3 Nc6 5. O-O Bc5 6. c3 Bd6 7. Qc2 O-O
8. e4 dxe4 9. dxe4 h6 10. Nh4 Ne7 11. b3 c6 12. Na3 Be6 13. Nf5 Nxf5 14. exf5
Bd5 15. Nc4 Bxc4 16. bxc4 Re8 17. h3 Qc7 18. Be3 Nd7 19. Rfd1 Be7 20. Rd2 Nb6
21. Qe4 Rad8 22. Rad1 Rxd2 23. Rxd2 Rd8 24. Rxd8+ Bxd8 25. Kh2 Bf6 26. f4 Qe7
1/2-1/2

[Event "International chess holiday K21"]
[Site "?"]
[Date "2017.07.26"]
[Round "6"]
[White "Rull, Michael"]
[Black "Ekberg, Karl"]
[Result "0-1"]
[ECO "D00"]
[WhiteElo "1805"]
[BlackElo "1848"]
[Annotator "Koller,Martin"]
[PlyCount "66"]
[TimeControl "240+2"]

{279MB} 1. d4 d5 2. Bf4 Nf6 3. e3 c5 4. c3 Nc6 5. Nd2 Bf5 6. Ngf3 h6 7. Qb3 b6
8. dxc5 bxc5 9. e4 dxe4 10. Bc4 e6 11. Qb7 Qc8 12. Ba6 e5 13. Nxe5 Qxb7 14.
Bxb7 Nxe5 15. Bxe5 Rd8 16. Bc7 Rd3 17. Ba6 Kd7 18. Bxd3 exd3 19. Bg3 Nh5 20.
O-O-O Nxg3 21. hxg3 Be7 22. Nf3 Bf6 23. c4 Rb8 24. b3 Bc3 25. g4 Bg6 26. Nd2
Re8 27. Rhe1 Re2 28. Rf1 Kc7 29. f4 Rxg2 30. f5 Bh7 31. Rf3 Rxg4 32. Rxd3 Bd4
33. Rf3 g6 neèitelné 0-1

[Event "International chess holiday K21"]
[Site "?"]
[Date "2017.07.26"]
[Round "6"]
[White "Vlkova, Anezka"]
[Black "Spindler, Markus"]
[Result "1-0"]
[ECO "C54"]
[WhiteElo "1828"]
[BlackElo "1979"]
[Annotator "Koller,Martin"]
[PlyCount "101"]
[TimeControl "240+2"]

{279MB} 1. e4 e5 2. Nf3 Nc6 3. Bc4 Bc5 4. c3 Nf6 5. d3 d6 6.
Bb3 Be6 7. Nbd2 Qe7 8. O-O h6 9. Nc4 b5 10. Ne3 Na5 11. Bc2 Bb6 12. b4 Nb7 13.
a4 c6 14. axb5 cxb5 15. d4 Bd7 16. dxe5 dxe5 17. Nd5 Qd6 18. Nxb6 Qxb6 19. Nxe5
Be6 20. Be3 Qc7 21. Bd4 O-O 22. Qe2 Nd6 23. Bc5 a6 24. f4 Rfd8 25. Bd3 Bc8 26.
Nf3 Nd7 27. Bxd6 Qxd6 28. Bxb5 Bb7 29. Bxd7 Rxd7 30. Rfd1 Qb6+ 31. Rd4 Rxd4 32.
Nxd4 Qc7 33. Qe3 Re8 34. e5 Qd7 35. Ra5 Qg4 36. Qd2 Rc8 37. Ra2 Rd8 38. Ra1 Qg6
39. Qe2 Qb6 40. Qe3 Qg6 41. Qg3 Qb6 42. Kh1 Be4 43. Re1 Qb7 44. f5 Qd5 45. e6
Bxf5 46. e7 Re8 47. Re5 Qc4 48. Rxf5 Rxe7 49. h3 Qa2 50. Rf1 Qd2 51. Nf5 1-0

[Event "International chess holiday K21"]
[Site "?"]
[Date "2017.07.26"]
[Round "6"]
[White "Kasparova, Tatiana"]
[Black "Moerling, Joakim"]
[Result "0-1"]
[ECO "C06"]
[WhiteElo "2190"]
[BlackElo "2000"]
[Annotator "Koller,Martin"]
[PlyCount "90"]
[TimeControl "240+2"]

{279MB} 1. e4 e6 2. d4 d5 3. Nd2 Nf6 4. e5 Nfd7 5. Bd3 c5 6. c3 Nc6 7. Ndf3
cxd4 8. cxd4 f6 9. exf6 Nxf6 10. Ne2 Bd6 11. O-O Qc7 12. g3 Nh5 13. Nc3 a6 14.
Ne5 Nf6 15. Nxc6 bxc6 16. Na4 O-O 17. f4 c5 18. dxc5 Bxc5+ 19. Nxc5 Qxc5+ 20.
Kg2 d4 21. h3 Rb8 22. b3 Kh8 23. Bd2 Bb7+ 24. Kh2 Ne4 25. Qe1 Nxd2 26. Qxd2 e5
27. fxe5 Qxe5 28. Rae1 Qd6 29. Rxf8+ Rxf8 30. Rf1 Rxf1 31. Bxf1 h6 32. Bg2 Bxg2
33. Kxg2 Qd5+ 34. Kf2 Qe4 35. Qe2 Qf5+ 36. Ke1 Qg6 37. g4 Qb1+ 38. Kf2 Kh7 39.
h4 Qh1 40. h5 Qb1 41. Qxa6 Qc2+ 42. Ke1 Qc1+ 43. Ke2 Qe3+ 44. Kd1 d3 45. Qg6+
Kh8 0-1

[Event "International chess holiday K21"]
[Site "?"]
[Date "2017.07.26"]
[Round "6"]
[White "Vojta, Jakub"]
[Black "Sittinger, Lutz"]
[Result "1/2-1/2"]
[ECO "C50"]
[WhiteElo "1945"]
[BlackElo "1867"]
[Annotator "Koller,Martin"]
[PlyCount "103"]
[TimeControl "240+2"]

{279MB} 1. e4 e5 2. Nf3 Nc6 3. d4 exd4 4. Bc4 h6 5. c3 d3 6. Qxd3 d6 7. Bf4 Nf6
8. b4 a6 9. O-O Be7 10. Nbd2 O-O 11. Rfe1 Be6 12. Nf1 Bxc4 13. Qxc4 d5 14. exd5
Qxd5 15. Qe2 Rac8 16. Ng3 Qd7 17. Rad1 Bd6 18. Qc2 Rfe8 19. Nf5 Rxe1+ 20. Nxe1
Re8 21. Nf3 Ne4 22. g4 Qe6 23. Be3 Qg6 24. h3 Qf6 25. N3d4 Nd8 26. Re1 Ng5 27.
Kg2 Qe5 28. Nf3 Nxf3 29. Kxf3 Qd5+ 30. Ke2 Bf4 31. Qd2 Qxd2+ 32. Kxd2 Bxe3+ 33.
Nxe3 g6 34. Rf1 Ne6 35. f4 Rd8+ 36. Kc2 c5 37. a3 cxb4 38. axb4 Rc8 39. Nd5 Kg7
40. f5 gxf5 41. gxf5 Nc7 42. f6+ Kh7 43. Ne7 Rd8 44. Rg1 Ne6 45. Rg3 Rd6 46. h4
Nd8 47. Rg7+ Kh8 48. Rg8+ Kh7 49. Kb3 Ne6 50. Kc4 b5+ 51. Kb3 Rd1 52. Ra8
1/2-1/2

[Event "International chess holiday K21"]
[Site "?"]
[Date "2017.07.26"]
[Round "6"]
[White "Schoenmakers, Nico"]
[Black "Zacek, Petr"]
[Result "1/2-1/2"]
[ECO "C10"]
[WhiteElo "1808"]
[BlackElo "1939"]
[Annotator "Koller,Martin"]
[PlyCount "32"]
[TimeControl "240+2"]

{279MB} 1. e4 e6 2. d4 d5 3. Nc3 dxe4 4. Nxe4 Nd7 5. Nf3 Ngf6 6. Bg5 Be7 7.
Nxf6+ Nxf6 8. c3 O-O 9. Bd3 b6 10. O-O Bb7 11. Re1 Rc8 12. Qe2 c5 13. Bxf6 Bxf6
14. dxc5 Rxc5 15. Rad1 Qc7 16. Be4 Bxe4 1/2-1/2

[Event "International chess holiday K22"]
[Site "?"]
[Date "2017.07.26"]
[Round "6"]
[White "Sedlak, Ludek"]
[Black "Trebbin, Wolfhard"]
[Result "1/2-1/2"]
[ECO "B22"]
[WhiteElo "1935"]
[BlackElo "1947"]
[Annotator "Koller,Martin"]
[PlyCount "34"]
[TimeControl "240+2"]

{279MB} 1. e4 c5 2. c3 e6 3. d4 Nf6 4. e5 Nd5 5. Nf3 cxd4 6. Qxd4 Nc6 7. Qe4 d6
8. Nbd2 Bd7 9. Nc4 f5 10. Qd3 dxe5 11. Ncxe5 Nxe5 12. Nxe5 Bd6 13. Qd4 Qf6 14.
Nxd7 Qxd4 15. cxd4 Bb4+ 16. Kd1 Kxd7 17. Bb5+ Ke7 1/2-1/2

[Event "International chess holiday K22"]
[Site "?"]
[Date "2017.07.26"]
[Round "6"]
[White "Vorisek, Jakub"]
[Black "Hammerman, Christian"]
[Result "1-0"]
[ECO "B38"]
[WhiteElo "1883"]
[BlackElo "1836"]
[Annotator "Koller,Martin"]
[PlyCount "59"]
[TimeControl "240+2"]

{279MB} 1. e4 c5 2. Nf3 g6 3. d4 cxd4 4. Nxd4 Bg7 5. c4 Nc6 6. Nc2 Nf6 7. Nc3
O-O 8. Be2 d6 9. Be3 Bd7 10. O-O h5 11. f3 a6 12. Kh1 Rc8 13. Rc1 Qa5 14. Qd2
Kh7 15. Rfd1 h4 16. Nd4 Qh5 17. h3 Qa5 18. Qe1 Nxd4 19. Qxh4+ Kg8 20. Bxd4 Be6
21. b3 Rfe8 22. Qf2 Qc7 23. f4 Bd7 24. e5 dxe5 25. Bxe5 Qd8 26. Rd2 e6 27. Rcd1
Re7 28. Bf3 Qa5 29. Bxf6 Bxf6 30. Ne4 1-0

[Event "International chess holiday K22"]
[Site "?"]
[Date "2017.07.26"]
[Round "6"]
[White "Pribyl, Jaroslav"]
[Black "Michalek, Frantisek"]
[Result "1-0"]
[ECO "D00"]
[WhiteElo "1951"]
[BlackElo "2065"]
[Annotator "Koller,Martin"]
[PlyCount "75"]
[TimeControl "240+2"]

{279MB} 1. d4 Nf6 2. Nc3 d5 3. e4 dxe4 4. f3 exf3 5. Nxf3 Bg4 6. h3 Bxf3 7.
Qxf3 c6 8. Bd3 e6 9. g4 Bb4 10. O-O O-O 11. g5 Ne8 12. Bxh7+ Kxh7 13. Qh5+ Kg8
14. Rf4 g6 15. Qh6 Ng7 16. Rh4 Nh5 17. Be3 Re8 18. Rxh5 gxh5 19. Ne4 Bf8 20.
Nf6+ Qxf6 21. Qxf6 Bg7 22. Qf3 Nd7 23. Rf1 Rf8 24. Qxh5 Nb6 25. c3 Nd5 26. Bc1
Rad8 27. Qg4 Ne7 28. h4 Rd5 29. h5 Kh7 30. Kg2 Rf5 31. Qe4 Kg8 32. Rxf5 Nxf5
33. h6 Bh8 34. b3 Kh7 35. Kf3 Rd8 36. Qf4 Rd7 37. Qb8 f6 38. Qe8 1-0

[Event "International chess holiday K22"]
[Site "?"]
[Date "2017.07.26"]
[Round "6"]
[White "Reichmann, Steffen"]
[Black "Sniegon, Adam"]
[Result "1/2-1/2"]
[ECO "B10"]
[WhiteElo "1968"]
[BlackElo "1740"]
[Annotator "Koller,Martin"]
[PlyCount "89"]
[TimeControl "240+2"]

{279MB} 1. e4 c6 2. d3 d5 3. exd5 cxd5 4. g3 Nc6 5. Bg2 Bf5 6. Nf3 e6 7. O-O
Be7 8. c3 Nf6 9. h3 Qc7 10. Bf4 Qb6 11. Qe2 O-O 12. Nh4 Bg6 13. Nxg6 hxg6 14.
Be3 Qc7 15. Nd2 Bd6 16. Nb3 Nh5 17. Rfe1 b6 18. c4 Ne7 19. Rac1 d4 20. Nxd4
Rad8 21. Nb5 Qb8 22. Nxd6 Qxd6 23. Bg5 Nf6 24. Rcd1 Nc6 25. Bxf6 gxf6 26. Qf3
Nd4 27. Qxf6 Rd7 28. Re4 Nf5 29. Rg4 Rfd8 30. Be4 Qd4 31. Qxd4 Nxd4 32. Rg5 Kg7
33. Bg2 f6 34. Rg4 f5 35. Rg5 e5 36. h4 Ne6 37. Bd5 Nxg5 38. hxg5 Re8 39. Re1
Rde7 40. f3 Kh7 41. Kg2 Kg7 42. Rh1 Rh8 43. Rxh8 Kxh8 44. b4 Kg7 45. Kf2
1/2-1/2

[Event "International chess holiday K22"]
[Site "?"]
[Date "2017.07.26"]
[Round "6"]
[White "Kovar, Jan"]
[Black "Philipp, Mathias"]
[Result "0-1"]
[ECO "C49"]
[WhiteElo "1870"]
[BlackElo "1982"]
[Annotator "Koller,Martin"]
[PlyCount "106"]
[TimeControl "240+2"]

{279MB} 1. e4 e5 2. Nf3 Nc6 3. Nc3 Nf6 4. Bb5 Bb4 5. O-O O-O 6. d3 d6 7. Bg5 a6
8. Bc4 h6 9. Bh4 Bxc3 10. bxc3 Be6 11. Bb3 Re8 12. Re1 g5 13. Bg3 Qd7 14. d4
Bxb3 15. axb3 exd4 16. e5 Nh5 17. cxd4 Nxg3 18. hxg3 dxe5 19. Nxe5 Qxd4 20.
Nxc6 Qxd1 21. Rexd1 bxc6 22. Ra5 Re2 23. Rc5 Re6 24. Ra1 Kf8 25. Kf1 Ke7 26.
Rca5 Rd6 27. Rxa6 Rad8 28. Re1+ Kd7 29. Ra4 c5 30. Rae4 Kc6 31. Re7 R8d7 32.
Rxd7 Rxd7 33. Re4 Rd2 34. Rc4 Kd5 35. Ke1 Rd4 36. Rc3 f5 37. Rf3 Ke5 38. Rc3 c4
39. bxc4 c5 40. Ke2 Re4+ 41. Re3 f4 42. gxf4+ gxf4 43. Rxe4+ Kxe4 44. c3 f3+
45. gxf3+ Kf4 46. Kf1 Kxf3 47. Kg1 h5 48. Kf1 h4 49. Kg1 h3 50. Kh2 Kxf2 51.
Kxh3 Ke3 52. Kg3 Kd3 53. Kf3 Kxc4 0-1

[Event "International chess holiday M21"]
[Site "?"]
[Date "2017.07.27"]
[Round "7"]
[White "Hogeman, Joel"]
[Black "Houska, Jiri"]
[Result "0-1"]
[ECO "E99"]
[WhiteElo "2091"]
[BlackElo "2191"]
[Annotator "Koller,Martin"]
[PlyCount "52"]
[TimeControl "240+2"]

{279MB} 1. d4 Nf6 2. c4 g6 3. Nc3 Bg7 4. e4 d6 5. Nf3 O-O 6. Be2 e5 7. O-O Nc6
8. d5 Ne7 9. Ne1 Nd7 10. Nd3 f5 11. f3 f4 12. Bd2 g5 13. Rc1 Ng6 14. c5 Nxc5
15. Nxc5 dxc5 16. Nb5 a6 17. Na3 Rf7 18. Qb3 Bf8 19. d6 cxd6 20. Bc4 Qf6 21.
Bxf7+ Qxf7 22. Qb6 Be6 23. b4 Bxa2 24. bxc5 dxc5 25. Be1 Rc8 26. Bf2 c4 0-1

[Event "International chess holiday M21"]
[Site "?"]
[Date "2017.07.27"]
[Round "7"]
[White "Thomasson, Staffan"]
[Black "Lokander, Martin"]
[Result "0-1"]
[ECO "A00"]
[WhiteElo "1921"]
[BlackElo "2329"]
[Annotator "Koller,Martin"]
[PlyCount "60"]
[TimeControl "240+2"]

{279MB} 1. g3 e5 2. d4 exd4 3. Nf3 d5 4. Qxd4 c5 5. Qd3 Nc6 6. a3 Nf6 7. Nc3
Be7 8. Bg2 O-O 9. O-O h6 10. Bf4 d4 11. Ne4 Nd5 12. Rad1 Nxf4 13. gxf4 Be6 14.
Ne5 f5 15. Nxc6 bxc6 16. Ng3 Rb8 17. b3 Qa5 18. Bxc6 Qc7 19. Bg2 Qxf4 20. e3
dxe3 21. fxe3 Qe5 22. Qa6 Bg5 23. Rd6 Bxe3+ 24. Kh1 Rb6 25. Rxb6 axb6 26. Qxb6
f4 27. Ne2 f3 28. Rxf3 Qa1+ 29. Bf1 Qxf1+ 30. Rxf1 Bd5+ 0-1

[Event "International chess holiday M21"]
[Site "?"]
[Date "2017.07.27"]
[Round "7"]
[White "Vojta, Tomas"]
[Black "Hentzgen, Thomas"]
[Result "1/2-1/2"]
[ECO "C02"]
[WhiteElo "2367"]
[BlackElo "2015"]
[Annotator "Koller,Martin"]
[PlyCount "80"]
[TimeControl "240+2"]

{279MB} 1. e4 e6 2. d4 d5 3. e5 c5 4. Qg4 Qa5+ 5. c3 cxd4 6. Nf3 Nc6 7. Bd3
dxc3 8. bxc3 d4 9. O-O Nxe5 10. Nxe5 Qxe5 11. cxd4 Nf6 12. Qh4 Qh5 13. Qg3 Be7
14. Nc3 O-O 15. Rb1 Rd8 16. Ne4 Nd5 17. Bg5 Bxg5 18. Nxg5 h6 19. Nf3 b6 20.
Rfe1 Bb7 21. Re5 f5 22. Rbe1 Nf6 23. Rxe6 Qg4 24. Re7 Bxf3 25. gxf3 Qxg3+ 26.
hxg3 Re8 27. Bxf5 a5 28. Be6+ Kh8 29. Bb3 Rxe7 30. Rxe7 Rd8 31. Rb7 Nd5 32. Kf1
Kh7 33. Ke2 Rd6 34. Kd3 Kg6 35. Bxd5 Rxd5 36. Rxb6+ Kf7 37. a4 Ke7 38. Rb5 Rxb5
39. axb5 Kd6 40. Kc4 Kc7 1/2-1/2

[Event "International chess holiday M21"]
[Site "?"]
[Date "2017.07.27"]
[Round "7"]
[White "Dock, Lars"]
[Black "Kasparov, Sergey"]
[Result "1/2-1/2"]
[ECO "A30"]
[WhiteElo "2027"]
[BlackElo "2474"]
[Annotator "Koller,Martin"]
[PlyCount "116"]
[TimeControl "240+2"]

{279MB} 1. Nf3 Nf6 2. b3 c5 3. c4 b6 4. g3 Bb7 5. Bg2 e6 6. O-O Be7 7. Bb2 O-O
8. d4 cxd4 9. Qxd4 d6 10. Nc3 a6 11. Rfd1 Nbd7 12. e4 Qc7 13. Ba3 Nc5 14. e5
dxe5 15. Qxe5 Rac8 16. Qxc7 Rxc7 17. Ne5 Bxg2 18. Kxg2 Rb8 19. Kf3 Kf8 20. Bc1
Rbb7 21. Be3 Ke8 22. h3 Ncd7 23. Nxd7 Nxd7 24. Ne4 Rc6 25. Ke2 f5 26. Ng5 Bxg5
27. Bxg5 e5 28. Be3 Ke7 29. Rd5 Rd6 30. Rad1 Rxd5 31. Rxd5 Ke6 32. a4 Rb8 33.
Kd2 Rc8 34. Rd3 Rc6 35. Kc3 b5 36. axb5 axb5 37. Kb4 bxc4 38. bxc4 e4 39. Rd1
Ne5 40. c5 Nd3+ 41. Kb5 Kd5 42. Rd2 Rc8 43. Kb6 Rb8+ 44. Kc7 Rb3 45. Rc2 Nb4
46. Rd2+ Nd3 47. Rc2 Rb2 48. Rxb2 Nxb2 49. Kb6 Nc4+ 50. Kb5 Ne5 51. h4 g6 52.
Bf4 Nc6 53. Be3 Ne7 54. Bg5 Nc6 55. Be3 Nd8 56. Kb6 Nc6 57. Kb5 Ne5 58. Bf4 Nc6
1/2-1/2

[Event "International chess holiday M21"]
[Site "?"]
[Date "2017.07.27"]
[Round "7"]
[White "Malinarski, Yehuda"]
[Black "Hartwig, Maik"]
[Result "1/2-1/2"]
[ECO "B06"]
[WhiteElo "2081"]
[BlackElo "2097"]
[Annotator "Koller,Martin"]
[PlyCount "76"]
[TimeControl "240+2"]

{279MB} 1. e4 g6 2. d4 Bg7 3. Nc3 d5 4. exd5 Nf6 5. Bb5+ Nbd7 6. Nf3 O-O 7. O-O
Nb6 8. h3 Nbxd5 9. Nxd5 Nxd5 10. a3 a6 11. Bd3 b5 12. Re1 Bb7 13. c3 Qd6 14.
Ng5 Nf6 15. Ne4 Nxe4 16. Bxe4 Bxe4 17. Rxe4 c5 18. Bf4 Qd5 19. Rxe7 cxd4 20.
cxd4 Qxd4 21. Qxd4 Bxd4 22. Be5 Bxe5 23. Rxe5 Rae8 24. Rxe8 Rxe8 25. Kf1 Rc8
26. Re1 Kg7 27. f3 Kf6 28. Re2 h5 29. Kf2 h4 30. f4 Rd8 31. Kf3 g5 32. fxg5+
Kxg5 33. Re5+ f5 34. Re3 a5 35. Re5 Rd3+ 36. Re3 Rd2 37. Rb3 Rd5 38. Re3 Rc5 neèitelné
1/2-1/2

[Event "International chess holiday K21"]
[Site "?"]
[Date "2017.07.27"]
[Round "7"]
[White "Sittinger, Lutz"]
[Black "Vlkova, Anezka"]
[Result "0-1"]
[ECO "B74"]
[WhiteElo "1867"]
[BlackElo "1828"]
[Annotator "Koller,Martin"]
[PlyCount "80"]
[TimeControl "240+2"]

{279MB} 1. e4 c5 2. Nf3 d6 3. d4 cxd4 4. Nxd4 Nf6 5. Nc3 g6 6. Be3 Bg7 7. Be2
O-O 8. O-O Nc6 9. Nb3 Be6 10. f4 Qc8 11. Qe1 d5 12. exd5 Nxd5 13. Nxd5 Bxd5 14.
c3 Qe6 15. Bd1 b6 16. Nd2 Rac8 17. Bb3 Na5 18. Bf2 Qc6 19. Bxd5 Qxd5 20. Nf3 e6
21. Bd4 Nc4 22. Bxg7 Kxg7 23. b3 Qc5+ 24. Qf2 Ne3 25. Rfc1 Nd5 26. g3 Nxc3 27.
Qxc5 Rxc5 28. Rc2 Rfc8 29. Ne5 f6 30. Nc4 Nd5 31. Re2 R8c6 32. Rae1 Kf7 33. a4
b5 34. axb5 Rxb5 35. Ra2 a6 36. Na5 Rcc5 37. Nc4 Rxb3 38. Nd6+ Ke7 39. Rxa6 Nc7
40. Nc8+ Kd8 0-1

[Event "International chess holiday K21"]
[Site "?"]
[Date "2017.07.27"]
[Round "7"]
[White "Ekberg, Karl"]
[Black "Schoenmakers, Nico"]
[Result "1-0"]
[ECO "D35"]
[WhiteElo "1848"]
[BlackElo "1808"]
[Annotator "Koller,Martin"]
[PlyCount "51"]
[TimeControl "240+2"]

{279MB} 1. d4 d5 2. c4 e6 3. Nc3 c6 4. cxd5 exd5 5. Qc2 Nf6 6. Bg5 Be7 7. e3
Bg4 8. Bd3 Nbd7 9. f3 Bh5 10. Nge2 Bg6 11. Bxg6 hxg6 12. O-O Nh5 13. Bxe7 Qxe7
14. e4 dxe4 15. fxe4 Qh4 16. e5 O-O-O 17. Ne4 Kb8 18. Nd6 Rdf8 19. Nxf7 Ng3 20.
Nxh8 Rxh8 21. hxg3 Qh1+ 22. Kf2 Rf8+ 23. Nf4 Qh6 24. Kg1 Qg5 25. Qxg6 Qe7 26.
Qd6+ 1-0

[Event "International chess holiday K21"]
[Site "?"]
[Date "2017.07.27"]
[Round "7"]
[White "Moerling, Joakim"]
[Black "Vojta, Jakub"]
[Result "0-1"]
[ECO "D07"]
[WhiteElo "2000"]
[BlackElo "1945"]
[Annotator "Koller,Martin"]
[PlyCount "64"]
[TimeControl "240+2"]

{279MB} 1. d4 d5 2. c4 Nc6 3. Nc3 Nf6 4. Nf3 dxc4 5. Bg5 Bg4 6. Bxf6 exf6 7. e3
Bd6 8. Bxc4 Qe7 9. Be2 f5 10. O-O O-O 11. Rc1 Rad8 12. Qb3 Qf6 13. Nb5 Qe7 14.
Nxd6 cxd6 15. h3 Bh5 16. Qb5 d5 17. g3 Qd7 18. Qd3 h6 19. Nh4 Bxe2 20. Qxe2 f4
21. Qf3 g5 22. Ng2 Qxh3 23. b4 a6 24. Rc5 Rd6 25. Rxd5 g4 26. Qd1 fxg3 27. fxg3
Rxd5 28. Qb3 Rd7 29. Rf6 Qxg3 30. Rxh6 Nxd4 31. Qb1 Nf5 32. Rh5 Rd2 0-1

[Event "International chess holiday K21"]
[Site "?"]
[Date "2017.07.27"]
[Round "7"]
[White "Zacek, Petr"]
[Black "Kasparova, Tatiana"]
[Result "1/2-1/2"]
[ECO "A30"]
[WhiteElo "1939"]
[BlackElo "2190"]
[Annotator "Koller,Martin"]
[PlyCount "35"]
[TimeControl "240+2"]

{279MB} 1. c4 c5 2. Nc3 b6 3. Nf3 Bb7 4. g3 Nf6 5. Bg2 e6 6. O-O d6 7. d3 Nc6
8. e4 Qd7 9. h3 Be7 10. Be3 O-O 11. d4 Rfd8 12. d5 Na5 13. b3 exd5 14. exd5 Re8
15. Qc2 g6 16. Bg5 a6 17. Qd3 Kg7 18. Rae1 1/2-1/2

[Event "International chess holiday K21"]
[Site "?"]
[Date "2017.07.27"]
[Round "7"]
[White "Spindler, Markus"]
[Black "Rull, Michael"]
[Result "1-0"]
[ECO "B22"]
[WhiteElo "1979"]
[BlackElo "1805"]
[Annotator "Koller,Martin"]
[PlyCount "47"]
[TimeControl "240+2"]

{279MB} 1. e4 c5 2. c3 Nf6 3. e5 Nd5 4. d4 cxd4 5. Nf3 Nc6 6. Bc4 Nb6 7. Bb3 d5
8. exd6 e6 9. cxd4 Bxd6 10. O-O O-O 11. Nc3 Nd5 12. Bg5 Qa5 13. Ne4 Be7 14.
Bxe7 Ncxe7 15. Ne5 Rd8 16. Qh5 Ng6 17. Bxd5 Qxd5 18. Ng5 Qxg2+ 19. Kxg2 Nf4+
20. Kg1 Nxh5 21. Ngxf7 Rxd4 22. Rac1 Bd7 23. Rc7 Rf8 24. Nxd7 1-0

[Event "International chess holiday K22"]
[Site "?"]
[Date "2017.07.27"]
[Round "7"]
[White "Sniegon, Adam"]
[Black "Vorisek, Jakub"]
[Result "1/2-1/2"]
[ECO "D07"]
[WhiteElo "1740"]
[BlackElo "1883"]
[Annotator "Koller,Martin"]
[PlyCount "49"]
[TimeControl "240+2"]

{279MB} 1. d4 d5 2. c4 Nc6 3. Nc3 dxc4 4. Nf3 Bg4 5. e3 e5 6. d5 Na5 7. Qa4+ c6
8. Nxe5 Bc8 9. dxc6 bxc6 10. Bxc4 Nh6 11. e4 Bd6 12. Nxc6 Bd7 13. Qxa5 Bxc6 14.
Qxd8+ Rxd8 15. Bg5 Rb8 16. O-O-O Be5 17. f3 O-O 18. Rd2 Kh8 19. g3 f5 20. Bd5
Rfc8 21. Bxc6 Rxc6 22. Rd8+ Rxd8 23. Bxd8 Bxc3 24. bxc3 Rxc3+ 25. Kd2 1/2-1/2

[Event "International chess holiday K22"]
[Site "?"]
[Date "2017.07.27"]
[Round "7"]
[White "Michalek, Frantisek"]
[Black "Reichman, Steffen"]
[Result "1/2-1/2"]
[ECO "B06"]
[WhiteElo "2065"]
[BlackElo "1968"]
[Annotator "Koller,Martin"]
[PlyCount "52"]
[TimeControl "240+2"]

{279MB} 1. e4 g6 2. d4 Bg7 3. Bc4 d6 4. Nf3 Nf6 5. Qe2 O-O 6. O-O c6 7. Bb3 Qc7
8. a4 b6 9. Rd1 Ba6 10. Qe1 e5 11. dxe5 dxe5 12. Nbd2 Nbd7 13. Nc4 Nc5 14.
Ncxe5 Rae8 15. Bxf7+ Rxf7 16. Nxf7 Qxf7 17. Ng5 Qc4 18. f3 Qxc2 19. Be3 Nb3 20.
Ra2 h6 21. Nh3 Nd5 22. Bd2 Bd4+ 23. Kh1 Ne3 24. Bxe3 Bxe3 25. Rd6 Bd4 26. Rxg6+
Kh7 1/2-1/2

[Event "International chess holiday K22"]
[Site "?"]
[Date "2017.07.27"]
[Round "7"]
[White "Philipp, Mathias"]
[Black "Pribyl, Jaroslav"]
[Result "1-0"]
[ECO "B13"]
[WhiteElo "1982"]
[BlackElo "1951"]
[Annotator "Koller,Martin"]
[PlyCount "41"]
[TimeControl "240+2"]

{279MB} 1. e4 c6 2. d4 d5 3. exd5 cxd5 4. Bd3 Nc6 5. c3 Qc7 6. h3 Nf6 7. Nf3 g6
8. O-O Bf5 9. Na3 a6 10. c4 e6 11. Bg5 Bxd3 12. Qxd3 dxc4 13. Qxc4 Nd5 14. Rfe1
Ncb4 15. Qb3 Bg7 16. Rac1 Qd6 17. Nc4 Qd7 18. Nfe5 Bxe5 19. dxe5 O-O 20. Red1
Rab8 21. Qxb4 1-0

[Event "International chess holiday K22"]
[Site "?"]
[Date "2017.07.27"]
[Round "7"]
[White "Hammerman, Christian"]
[Black "Sedlak, Ludek"]
[Result "0-1"]
[ECO "C47"]
[WhiteElo "1836"]
[BlackElo "1935"]
[Annotator "Koller,Martin"]
[PlyCount "110"]
[TimeControl "240+2"]

{279MB} 1. e4 e5 2. Nf3 Nc6 3. Nc3 Nf6 4. g3 Bc5 5. Bg2 d6 6. h3 a6 7. d3 Be6
8. O-O h6 9. Be3 Qd7 10. Kh2 Nd4 11. Ng1 Qe7 12. Na4 Ba7 13. c3 Nc6 14. b4 Bxe3
15. fxe3 b5 16. Nb2 a5 17. d4 axb4 18. d5 bxc3 19. Nd3 Bd7 20. dxc6 Bxc6 21.
Nb4 Bb7 22. Ne2 c5 23. Nd5 Bxd5 24. exd5 b4 25. Qb3 Ra3 26. Qc4 O-O 27. Nc1
Rfa8 28. g4 Qa7 29. h4 Qa6 30. Qxa6 R8xa6 31. Kg3 c4 32. Rb1 Rb6 33. Rf2 b3 34.
axb3 cxb3 35. g5 hxg5 36. hxg5 Nd7 37. Be4 Nc5 38. Kf3 Rb4 39. Bf5 g6 40. Nd3
Nxd3 41. Bxd3 c2 42. Bxc2 bxc2 43. Rc1 Rf4+ 44. Ke2 Rxf2+ 45. Kxf2 Rc3 46. Ke2
Rc5 47. e4 f6 48. gxf6 Kf7 49. Kd2 g5 50. Ke3 Kxf6 51. Kd2 Kg6 52. Ke3 g4 53.
Kf2 Kg5 54. Kg3 Rc3+ 55. Kg2 Kf4 0-1

[Event "International chess holiday K22"]
[Site "?"]
[Date "2017.07.27"]
[Round "7"]
[White "Trebbin, Wolfhard"]
[Black "Kovar, Jan"]
[Result "1/2-1/2"]
[ECO "D11"]
[WhiteElo "1947"]
[BlackElo "1870"]
[Annotator "Koller,Martin"]
[PlyCount "119"]
[TimeControl "240+2"]

{279MB} 1. d4 d5 2. Nf3 Nf6 3. g3 c6 4. Bg2 Bg4 5. O-O Nbd7 6. Nbd2 e6 7. b3
Bd6 8. Bb2 O-O 9. c4 Re8 10. h3 Bxf3 11. Nxf3 e5 12. cxd5 Nxd5 13. e4 N5f6 14.
Qc2 Qe7 15. Rad1 Rad8 16. Nh4 g6 17. dxe5 Bxe5 18. Bxe5 Qxe5 19. f4 Qc5+ 20.
Qxc5 Nxc5 21. e5 Nh5 22. Kh2 Ne6 23. f5 Rxd1 24. Rxd1 gxf5 25. Nxf5 Rd8 26. Bf3
Nhg7 27. Nd6 Rd7 28. Ne4 Rxd1 29. Bxd1 Kf8 30. Nf6 h6 31. Ng4 Nf5 32. Bc2 Ned4
33. Be4 Ke7 34. Kg2 Ke6 35. Kf2 h5 36. Nh2 Kxe5 37. Bd3 c5 38. g4 hxg4 39.
Nxg4+ Kf4 40. Nf6 Nd6 41. h4 N4f5 42. h5 Kg5 43. Nd7 b6 44. a4 Kxh5 45. a5 Nd4
46. axb6 axb6 47. Nxb6 Nxb3 48. Nc4 Nb7 49. Ne5 f6 50. Nd7 Kg5 51. Ke3 Nd6 52.
Bc2 Nd4 53. Bd3 Ne6 54. Kd2 Nd8 55. Nxc5 N8f7 56. Ne6+ Kg4 57. Nc7 Ne5 58. Nd5
f5 59. Ne3+ Kg5 60. Nxf5 1/2-1/2

[Event "International chess holiday M21"]
[Site "?"]
[Date "2017.07.27"]
[Round "8"]
[White "Hentzgen, Thomas"]
[Black "Dock, Lars"]
[Result "1/2-1/2"]
[ECO "A59"]
[WhiteElo "2015"]
[BlackElo "2027"]
[Annotator "Koller,Martin"]
[PlyCount "42"]
[TimeControl "240+2"]

{279MB} 1. d4 Nf6 2. c4 c5 3. d5 b5 4. cxb5 a6 5. bxa6 Bxa6 6. Nc3 g6 7. e4
Bxf1 8. Kxf1 d6 9. g3 Bg7 10. Kg2 Nbd7 11. Nf3 O-O 12. Qe2 Ng4 13. a4 Qb8 14.
h3 Nge5 15. Nxe5 Bxe5 16. Bh6 Re8 17. Rhb1 Qb4 18. Bd2 Reb8 19. Nd1 Qb3 20. Ra3
Qxa3 21. bxa3 Rxb1 1/2-1/2

[Event "International chess holiday M21"]
[Site "?"]
[Date "2017.07.27"]
[Round "8"]
[White "Hogeman, Joel"]
[Black "Thomasson, Staffan"]
[Result "1-0"]
[ECO "A03"]
[WhiteElo "2091"]
[BlackElo "1921"]
[Annotator "Koller,Martin"]
[PlyCount "59"]
[TimeControl "240+2"]

{279MB} 1. f4 d5 2. Nf3 Bg4 3. e3 Nd7 4. Be2 Ngf6 5. O-O Bxf3 6. Bxf3 e5 7. d4
e4 8. Be2 Bd6 9. b3 Qe7 10. c4 c6 11. Nc3 a6 12. c5 Bc7 13. b4 O-O 14. Bd2 Ne8
15. a4 g5 16. b5 gxf4 17. exf4 Ng7 18. bxc6 bxc6 19. g4 f5 20. g5 Ne6 21. Be3
Qg7 22. a5 Nxg5 23. Kh1 Nh3 24. Qa4 Rf6 25. Rab1 Rg6 26. Bh5 Rh6 27. Rg1 Nxg1
28. Rxg1 Rg6 29. Bxg6 hxg6 30. Qxc6 1-0